 Dungeon Crawl Stone Soup version 0.21.1-1-g345015f (webtiles) character file.

605510 vatarom the Bewitcher (level 27, -18/194 (196) HPs)
             Began as a Halfling Hunter on May 21, 2018.
             Was the Champion of Okawaru.
             Killed from afar by a titan (60 damage)
             ... with a bolt of lightning
             ... on level 5 of the Vaults on May 22, 2018.
             The game lasted 04:30:32 (70714 turns).

vatarom the Bewitcher (Halfling Hunter)            Turns: 70714, Time: 04:30:33

HP:   -18/194 (196) AC: 22    Str: 25    XL:     27
MP:   0/39          EV: 30    Int: 11    God:    Okawaru [******]
Gold: 5976          SH:  2    Dex: 12    Spells: 7/50 levels left

rFire    + . .     SeeInvis .   a - +5 pair of quick blades "Gyre" and "Gimble" {pierce, Dex-3}
rCold    + . .     Gourm    .   (shield currently unavailable)
rNeg     + . .     Faith    .   d - +4 troll leather armour {Snorg}
rPois    +         Spirit   +   S - +2 hat of the Bear Spirit {Spirit, +Rage rN+ MR++}
rElec    .         Reflect  +   l - scarf {rC+ rF+}
rCorr    .         Harm     .   W - +3 pair of gauntlets of War {Slay+5}
MR       ++++.                  t - +2 pair of boots {run}
Stlth    +++++++...             y - +2 amulet of reflection
HPRegen  0.82/turn              L - ring "Facusy Juku" {rPois Str+8 Int-3 Dex-4 Stlth+}
MPRegen  0.26/turn              M - ring of Phasing {EV+8}

@: quick
A: small, molten scales 1, blurry vision 2, mutation resistance 1
}: 3/15 runes: barnacled, abyssal, gossamer
a: Heroism, Finesse, Renounce Religion, Evoke Berserk Rage


You were on level 5 of the Vaults.
You worshipped Okawaru.
Okawaru was exalted by your worship.
You were full.

You visited 9 branches of the dungeon, and saw 47 of its levels.
You visited the Abyss 2 times.
You also visited: Labyrinth and Bailey.

You collected 7050 gold pieces.
You spent 1074 gold pieces at shops.

Inventory:

Hand Weapons
 a - the +5 pair of quick blades "Gyre" and "Gimble" (weapon) {pierce, Dex-3}
   (Okawaru gifted it to you on level 3 of the Shoals)

   It inflicts extra damage upon your enemies.
   It affects your dexterity (-3).
 b - the +9 fustibalus "Lifebane" {venom, *Slow rElec rC+}
   (Okawaru gifted it to you on level 1 of the Lair of Beasts)

   It poisons the ammo it fires.
   It protects you from cold.
   It insulates you from electricity.
   It may slow you when you take damage.
 V - the +1 triple crossbow "Jesayps" {elec, Dex+4}
   (Okawaru gifted it to you on level 4 of the Vaults)

   It charges the ammunition it shoots with electricity; occasionally upon a
   hit, such missiles may discharge and cause terrible harm.
   It affects your dexterity (+4).
Missiles
 e - 1382 stones (quivered)
 O - 73 sling bullets
 T - 304 bolts
Armour
 d - a +4 troll leather armour (worn) {Snorg}
 l - a scarf of resistance (worn)
 t - a +2 pair of boots of running (worn)
 I - a +2 pair of boots of flying
 S - the +2 hat of the Bear Spirit (worn) {Spirit, +Rage rN+ MR++}
   (You bought it in a shop on level 11 of the Dungeon)

   It protects you from negative energy.
   It affects your resistance to hostile enchantments.
   It lets you go berserk.
 W - the +3 pair of gauntlets of War (worn) {Slay+5}
   (You found it in a labyrinth)

   It affects your accuracy and damage with ranged weapons and melee attacks
   (+5).
Jewellery
 y - a +2 amulet of reflection (around neck)
 L - the ring "Facusy Juku" (left hand) {rPois Str+8 Int-3 Dex-4 Stlth+}
   (You took it off a minotaur in a labyrinth)

   [ring of intelligence]

   It affects your strength (+8).
   It affects your intelligence (-3).
   It affects your dexterity (-4).
   It protects you from poison.
   It makes you more stealthy.
 M - the ring of Phasing (right hand) {EV+8}
   (You took it off a spriggan berserker on level 1 of the Depths)

   [ring of evasion]

   It affects your evasion (+8).
Wands
 z - a wand of iceblast (80)
 A - a wand of polymorph (33)
 C - a wand of acid (14)
 F - a wand of enslavement (40)
 J - a wand of digging (15)
Scrolls
 i - 2 scrolls of holy word
 k - a scroll of summoning
 m - 21 scrolls of remove curse
 n - 2 scrolls of enchant armour
 q - 13 scrolls of amnesia
 u - 4 scrolls of teleportation
 w - 7 scrolls of magic mapping
 x - 12 scrolls of enchant weapon
 K - 7 scrolls of fog
 P - 3 scrolls of vulnerability
 X - 9 scrolls of identify
Potions
 c - 3 potions of resistance
 g - a potion of flight
 o - 6 potions of might
 p - 2 potions of berserk rage
 s - 2 potions of curing
 B - 6 potions of brilliance
 D - 2 potions of agility
 G - 3 potions of cancellation
 H - 8 potions of haste
 N - 3 potions of invisibility
Books
 h - a book of Burglary

   Spells                             Type                      Level
   a - Swiftness                      Charms/Air                   2
   b - Passwall                       Transmutation/Earth          2
   c - Passage of Golubria            Translocation                4
   d - Lee's Rapid Deconstruction     Earth                        5
   e - Darkness                       Hexes                        6
   f - Invisibility                   Hexes                        6
 r - a book of Debilitation

   Spells                             Type                      Level
   a - Corona                         Hexes                        1
   b - Slow                           Hexes                        2
   c - Inner Flame                    Hexes/Fire                   3
   d - Portal Projectile              Hexes/Translocation          3
   e - Cause Fear                     Hexes                        4
   f - Leda's Liquefaction            Hexes/Earth                  4
 E - a book of Transfigurations

   Spells                             Type                      Level
   a - Irradiate                      Conjuration/Transmutation    5
   b - Statue Form                    Transmutation/Earth          6
   c - Hydra Form                     Transmutation                6
   d - Dragon Form                    Transmutation                7
 Q - a book of Callings

   Spells                             Type                      Level
   a - Summon Small Mammal            Summoning                    1
   b - Call Imp                       Summoning                    2
   c - Call Canine Familiar           Summoning                    3
   d - Summon Guardian Golem          Hexes/Summoning              3
   e - Summon Lightning Spire         Summoning/Air                4
   f - Summon Ice Beast               Ice/Summoning                4
 R - the Reference Book on Igneous Unholy Arts
   (You found it on level 2 of the Depths)

   Spells                             Type                      Level
   a - Conjure Flame                  Conjuration/Fire             3
   b - Ignite Poison                  Fire/Transmutation/Poison    3
   c - Borgnjor's Vile Clutch         Necromancy/Earth             5
   d - Bolt of Fire                   Conjuration/Fire             6
Miscellaneous
 j - a lightning rod (4/4)
 Z - a lightning rod (4/4)
Comestibles
 f - 14 rations


   Skills:
 - Level 18.2 Fighting
 - Level 14.6 Short Blades
 - Level 17.6 Slings
 + Level 13.9 Crossbows
 - Level 11.3 Armour
 - Level 13.4 Dodging
 - Level 16.7 Stealth
   Level 4.1 Shields
 * Level 12.2 Spellcasting
 - Level 20.3 Hexes
 - Level 7.7 Necromancy
 - Level 8.0 Translocations
 - Level 10.0 Invocations
 - Level 11.5 Evocations


You had 7 spell levels left.
You knew the following spells:

 Your Spells              Type           Power        Failure   Level  Hunger
a - Animate Skeleton      Necr           N/A          1%          1    None
b - Apportation           Tloc           ###...       1%          1    None
c - Cause Fear            Hex            ######....   1%          4    ###....
d - Agony                 Necr           ###.....     13%         5    #####..
e - Portal Projectile     Hex/Tloc       #####.       1%          3    #......
f - Passage of Golubria   Tloc           N/A          4%          4    ###....
g - Invisibility          Hex            ######..     1%          6    ######.
h - Darkness              Hex            ######....   1%          6    ######.
i - Yara's Violent Unrav  Hex/Tmut       ####......   4%          5    #####..
j - Discord               Hex            ######....   17%         8    #######


Dungeon Overview and Level Annotations

Branches:
Dungeon (15/15)            Temple (0/1) D:7            Lair (6/6) D:9
 Shoals (4/4) Lair:2       Spider (4/4) Lair:2        Slime (0/5) Lair:5
    Orc (2/2) D:9             Elf (3/3) Orc:2        Vaults (5/5) D:14
  Crypt (3/3) Vaults:3       Tomb (0/3) Crypt:3      Depths (5/5) D:15
    Zot (0/5) Depths:5

Altars:
Cheibriados
Elyvilon
Gozag
Hepliaklqana
Kikubaaqudgha
Makhleb
Nemelex Xobeh
Okawaru
Ru
Trog
Uskayaw
Vehumet
Wu Jian
Yredelemnul
Zin
The Shining One
Lugonu

Shops:
D:4 [   D:8 %   D:10 [   D:11 [   D:15 :*   Orc:2 ?%=:   Elf:2 =   Elf:3 =
Shoals:1 %   Vaults:1 *   Vaults:2 [

Portals:
Hell: Depths:1 Depths:2 Depths:3 Depths:4 Depths:5
Abyss: Depths:4
Pandemonium: Depths:1 Depths:3
Ziggurat: Depths:4

Annotations:
Lair:2 exclusion: 3 oklob plants
Shoals:1 exclusion: Roxanne, Roxanne
Elf:2 5 runed doors
Elf:3 Mara
Vaults:4 exclusion: 3 downstairs
Depths:4 Boris


Innate Abilities, Weirdness & Mutations

You are small and have problems with some larger weapons.
You are somewhat resistant to further mutation.
You are partially covered in molten scales. (AC +2)
Scrolls take you longer to read.


Message History

The ettin looks more experienced.
You hear a deafening roar!
You hear a shout!
The ettin hits the yaktaur with a dire flail!!
The yaktaur dies!
Okawaru accepts your kill.
Unknown command.
The ettin hits the orc with a dire flail!!!
The orc dies!
A war gargoyle comes into view. It is wielding a flail.
Unknown command.
Unknown command.
The ettin hits the titan with a dire flail.
The ettin hits the titan with a dire flail!!
Unknown command.
The ettin hits the orc warrior with a dire flail!!!
The orc warrior dies!
Okawaru accepts your kill. The titan casts a spell at you.
The bolt of lightning hits you!
You die...

#...#....#..###
##..9#....#.....
....#....#.c(.
...[........
############.....(..####
...........9....(.(..[..
............(..<<.......
.............(<[.<......
.......@...C..)<<(......
############.C).....####
#...[.(.......
#([(#....#(...#
#.#.#(...#.[[..
#.#.#....#.....
..#.#....###...
.#.#.#...[# #...#.# ..#


You could see a titan, a war gargoyle and a neutral ettin (insane).

Vanquished Creatures
  4 ancient liches
  4 juggernauts
  Sojobo (Depths:4)
  Bai Suzhen (Vaults:3)
  4 golden dragons
  Nikola (Lair:2)
  2 caustic shrikes
  3 bone dragons
  Arachne (Spider:4)
  2 hellephants (Abyss:3)
  9 liches
  Jorgrun (Vaults:3)
  A Hell Sentinel (Abyss:3)
  Rupert (Lair:5)
  8 tentacled monstrosities
  2 deep elf master archers
  2 deep elf blademasters (Elf:3)
  4 titans
  4 Executioners
  17 tentacled starspawn
  Gastronok (D:12)
  4 sphinxes (Depths:2)
  Polyphemus (Shoals:3)
  3 krakens
  An ancient champion (Crypt:2)
  Kirke (Shoals:1)
  3 storm dragons
  6 tengu reavers
  3 shadow dragons (Depths:5)
  A draconian monk (Abyss:3)
  2 revenants
  10 fire giants
  7 frost giants
  A daeva (Abyss:3)
  12 deep elf sorcerers
  5 vault wardens
  6 emperor scorpions
  2 balrugs
  3 iron dragons
  3 cacodemons
  3 ghost moths (Spider:4)
  A draconian stormcaller (Depths:5)
  3 ghouls
  A draconian annihilator (Depths:5)
  Louise (Shoals:1)
  3 draconian shifters
  A curse skull (Crypt:3)
  2 deep elf elementalists
  11 ironheart preservers
  An orc warlord (Orc:1)
  A caustic shrike skeleton (Depths:2)
  3 war gargoyles (Crypt:3)
  29 very ugly things
  6 entropy weavers
  A spriggan defender (Depths:4)
  A corrupter (Abyss:3)
  13 stone giants
  A green draconian (Depths:5)
  6 vampire knights
  An ophan (Abyss:3)
  The ghost of Saeniel the Fighter, a journeyman GrFi of Qazlal (D:15)
  8 deep elf demonologists
  3 lorocyprocas
  A red draconian (Depths:5)
  A white draconian (Depths:5)
  9 deep elf annihilators
  19 starcursed masses
  A yellow draconian (Depths:5)
  8 dire elephants (Abyss:3)
  Snorg (Lair:5)
  7 deep elf death magi
  7 spark wasps
  5 eidola
  5 merfolk javelineers
  3 green deaths
  A minotaur (Lab)
  A crystal guardian (Abyss:3)
  A mummy priest (Crypt:3)
  Josephine (Lair:6)
  5 ettins
  7 merfolk impalers
  2 deep elf high priests
  15 fire dragons
  20 vault guards
  7 jiangshi
  Harold (Lair:3)
  11 yaktaur captains
  10 ogre magi
  18 rakshasas
  Fannar (D:12)
  9 ice dragons
  2 quicksilver dragon skeletons
  6 great orbs of eyes
  5 hydras
  3 merfolk avatars (Shoals:3)
  Erica (D:9)
  3 spriggan air magi
  2 death knights
  14 centaur warriors
  2 satyrs
  An alligator snapping turtle (Shoals:4)
  2 catoblepae
  5 merfolk aquamancers
  36 two-headed ogres
  6 deep troll earth magi
  4 death yaks
  5 tengu warriors
  Urug (Lair:5)
  7 vampire magi
  34 thrashing horrors
  11 dancing weapons
  A shock serpent (shapeshifter) (D:15)
  An orc high priest (Orc:2)
  7 deep troll shamans
  11 hell hogs (Abyss:3)
  29 small abominations
  9 spriggan berserkers
  Nergalle (Lair:2)
  A hell knight (Depths:2)
  19 deep elf knights
  A fire crab (shapeshifter) (D:15)
  2 sun demons (Abyss:2)
  6 shadow wraiths
  16 wretched stars
  10 sixfirhies
  5 iron trolls
  5 spatial maelstroms
  9 skeletal warriors
  5 wizards
  2 death drakes (shapeshifter) (Vaults:4)
  11 flayed ghosts
  7 sea snakes
  14 deep trolls
  2 unseen horrors
  An unseen horror (shapeshifter) (Depths:2)
  22 phantasmal warriors
  3 storm dragon skeletons
  A kraken simulacrum (Shoals:4)
  An infernal demonspawn (Depths:3)
  A swamp dragon (Lair:6)
  12 deep elf archers
  10 glowing orange brains
  A shadow demon (Abyss:3)
  13 ironbrand convokers
  3 orc knights
  A harpy (shapeshifter) (Elf:3)
  56 large abominations
  A golden dragon skeleton (Crypt:1)
  25 wolf spiders
  An anaconda skeleton (Crypt:2)
  2 shadow dragon skeletons (Crypt:3)
  23 harpies
  3 wolf spider zombies
  50 deep elf magi
  An iron dragon zombie (Crypt:1)
  8 manticores
  A fire giant zombie (Abyss:2)
  A frost giant zombie (Abyss:2)
  3 orc sorcerers
  13 necromancers
  16 fauns
  3 elephants (Lair:2)
  43 ugly things
  15 orb spiders
  A dire elephant zombie (Abyss:3)
  12 worldbinders
  3 cyclopes
  3 moths of wrath
  2 iron dragon skeletons
  10 merfolk sirens
  A guardian serpent (Lair:6)
  3 human skeletons
  5 fire giant skeletons
  A shock serpent zombie (Crypt:2)
  15 vault sentinels
  3 apocalypse crabs
  9 water nymphs
  2 black mambas (shapeshifter)
  3 rust devils
  5 black mambas
  5 orange demons
  A water nymph (shapeshifter) (Vaults:4)
  12 smoke demons
  3 stone giant skeletons
  6 gargoyles
  2 torpor snails (Spider:1)
  18 spiny frogs
  3 rime drakes
  3 hellions
  A centaur skeleton (D:13)
  34 yaktaurs
  A yaktaur zombie (Vaults:4)
  3 efreet (Abyss:3)
  4 freezing wraiths
  7 komodo dragons
  17 demonic crawlers
  3 hydra zombies
  A black draconian skeleton (Crypt:1)
  7 hellwings
  6 tengu conjurers
  A swamp worm zombie (Crypt:1)
  3 harpy zombies (Shoals:3)
  2 red devils (Abyss:2)
  2 kobold demonologists (D:14)
  20 ancient zymes
  A yaktaur (shapeshifter) (Elf:1)
  3 wind drakes
  23 merfolk
  33 jumping spiders
  A queen bee (shapeshifter) (Vaults:4)
  5 trolls
  2 polar bears (shapeshifter)
  2 hornets (shapeshifter)
  A meliai (shapeshifter) (Abyss:3)
  A tengu simulacrum (Vaults:4)
  A yellow draconian skeleton (Crypt:2)
  2 blink frogs (shapeshifter)
  24 slime creatures
  12 hornets
  A hydra skeleton (Crypt:2)
  54 raiju
  15 blink frogs
  5 dream sheep (Lair:5)
  A bog body (Crypt:1)
  2 stone giant simulacra
  11 hippogriffs
  12 snapping turtles
  A fire dragon zombie (Crypt:3)
  An ice dragon zombie (Crypt:2)
  A centaur simulacrum (D:13)
  16 flying skulls
  2 tarantellas (shapeshifter)
  6 shadows
  A spriggan (D:8)
  7 air elementals
  17 wyverns
  92 redbacks
  16 wraiths
  13 fire dragon skeletons (Crypt:3)
  A fire elemental (Elf:1)
  36 tarantellas
  16 ynoxinuls
  A yak (shapeshifter) (Depths:2)
  8 vampires
  17 water elementals
  2 wyverns (shapeshifter)
  2 humans (shapeshifter)
  5 basilisks
  A basilisk (shapeshifter) (D:15)
  9 chaos spawn
  4 fire bats
  20 humans (D:14)
  18 yaks
  3 golden eyes
  4 hogs (Shoals:1)
  9 neqoxecs
  A black mamba skeleton (Abyss:2)
  7 hungry ghosts
  4 steam dragons
  2 wargs
  11 spatial vortices
  5 acid dragons
  4 hell hounds (Abyss:2)
  A soldier ant (D:12)
  2 soldier ants (shapeshifter)
  16 water moccasins
  9 porcupines
  4 ice beasts
  42 orc warriors
  A swamp drake (shapeshifter) (D:14)
  A spiny frog skeleton (Crypt:2)
  2 black bears
  A hornet zombie (Crypt:2)
  5 sky beasts
  2 swamp drakes (Lair:6)
  A manticore zombie (Crypt:1)
  6 necrophages (Crypt:1)
  26 ogres
  8 wolves
  An eye of draining (Abyss:3)
  10 boggarts
  39 centaurs
  An elephant skeleton (Crypt:2)
  12 crocodiles
  A salamander zombie (Crypt:2)
  2 elf zombies (Elf:1)
  2 gnoll sergeants
  A hippogriff zombie (Shoals:3)
  21 bullfrogs
  3 big kobolds
  A glowing shapeshifter simulacrum (Vaults:4)
  A yaktaur skeleton (Crypt:1)
  2 wyvern zombies (D:11)
  3 spiny frog simulacra
  4 earth elementals
  A spriggan zombie (Crypt:3)
  7 scorpions
  A troll zombie (Crypt:1)
  A queen bee zombie (Crypt:2)
  5 human simulacra
  An elf simulacrum (Vaults:1)
  16 killer bees
  15 wights
  A troll skeleton (Crypt:2)
  9 electric eels
  3 howler monkeys (D:10)
  8 crimson imps
  3 bullfrog zombies
  2 centaur zombies
  8 jellies
  2 quasits (Abyss:2)
  4 human zombies
  19 orc wizards
  12 orc priests
  2 bullfrog skeletons
  7 hounds
  10 iguanas
  4 iron imps
  5 worker ants
  2 killer bee zombies
  A naga zombie (Abyss:3)
  A big kobold zombie (Crypt:2)
  2 hound skeletons
  2 mummies (Crypt:1)
  A howler monkey zombie (D:9)
  11 gnolls
  7 adders
  A shadow imp (D:11)
  9 white imps
  11 ufetubi
  An ooze (D:1)
  2 adder zombies (D:2)
  A lava snake zombie (Crypt:1)
  2 adder skeletons
  4 worms
  3 dart slugs
  4 leopard geckos
  98 orcs
  6 bats
  A bat zombie (Shoals:3)
  6 giant cockroaches
  10 hobgoblins
  17 jackals
  8 quokkas
  5 frilled lizards
  11 goblins
  2 jackal skeletons (D:4)
  A jackal zombie (D:8)
  16 kobolds
  An orc zombie (Crypt:1)
  A quokka skeleton (D:5)
  8 rats
  A bush (Lair:6)
  4 crawling corpses (Elf:3)
  3 lurking horrors
  3 plants
  11 starspawn tentacles
  9 tentacles
2565 creatures vanquished.

Vanquished Creatures (collateral kills)
  A tentacled monstrosity (Vaults:5)
  A sphinx (Vaults:4)
  12 vault guards
  2 yaktaur captains (Vaults:5)
  2 orc knights (Orc:2)
  2 ironbrand convokers (Vaults:5)
  2 vault sentinels (Vaults:5)
  2 yaktaurs (Vaults:5)
  5 orc warriors
  An orc wizard (D:9)
  2 orcs
32 creatures vanquished.

Vanquished Creatures (others)
  A deep elf master archer (Elf:3)
  A quicksilver dragon (Depths:2)
  A draconian monk (Depths:5)
  A tengu reaver (Vaults:2)
  Ilsuiw (Shoals:4)
  A vampire knight (Crypt:2)
  A yaktaur captain (Vaults:4)
  A vault guard (Vaults:4)
  A spriggan air mage (Depths:5)
  A wretched star (Abyss:2)
  A salamander (shapeshifter) (Vaults:5)
  An orc knight (Vaults:5)
  An orb spider (Spider:1)
  A cyclops (D:11)
  A wolf spider (Spider:1)
  2 vault sentinels
  2 hellions (Abyss:2)
  A jumping spider (Spider:1)
  A polar bear (shapeshifter) (Vaults:5)
  A large abomination (Abyss:2)
  6 raiju
  3 redbacks (Spider:1)
  A tarantella (Spider:1)
  A ynoxinul (Abyss:2)
  2 humans (Shoals:1)
  A water moccasin (Lair:6)
  An orc warrior (D:9)
  An eye of draining (Abyss:3)
  A crocodile (Lair:6)
  3 centaurs
  3 small abominations (Abyss:2)
  An orc (Orc:2)
  17 fungi
  3 lurking horrors (Abyss:3)
  34 plants
  29 starspawn tentacles
  26 tentacles
155 creatures vanquished.

Grand Total: 2752 creatures vanquished

Notes
Turn   | Place    | Note
-------+----------+-------------------------------------------
     0 | D:1      | vatarom the Halfling Hunter began the quest for the Orb.
     0 | D:1      | Reached XP level 1. HP: 14/14 MP: 1/1
    86 | D:1      | Reached XP level 2. HP: 16/19 MP: 2/2
   278 | D:1      | Reached XP level 3. HP: 24/24 MP: 3/3
   831 | D:2      | Reached XP level 4. HP: 29/29 MP: 4/4
   905 | D:2      | Noticed a hand axe
   906 | D:2      | Noticed a hand axe
   914 | D:2      | Found a hide-covered altar of Uskayaw.
  1148 | D:2      | Found a glowing golden altar of the Shining One.
  1290 | D:2      | Found an iron altar of Okawaru.
  1316 | D:2      | Became a worshipper of Warmaster Okawaru
  1502 | D:3      | Reached XP level 5. HP: 23/34 MP: 5/5
  1785 | D:3      | Found a radiant altar of Vehumet.
  2139 | D:3      | Found a glowing golden altar of the Shining One.
  2195 | D:3      | Reached skill level 1 in Armour
  2316 | D:3      | Found a white marble altar of Elyvilon.
  2462 | D:3      | Found a basalt altar of Yredelemnul.
  2813 | D:4      | Reached skill level 1 in Invocations
  2983 | D:4      | Reached XP level 6. HP: 30/39 MP: 6/6
  2996 | D:4      | Found Zaotiamyu's Armour Shoppe.
  3321 | D:4      | Found a sparkling altar of Nemelex Xobeh.
  4094 | D:5      | Entered Level 5 of the Dungeon
  4158 | D:5      | Found a radiant altar of Vehumet.
  4168 | D:5      | Reached XP level 7. HP: 32/44 MP: 8/8
  4231 | D:5      | Reached * piety under Okawaru
  4538 | D:5      | Found an ornate altar of the Wu Jian Council.
  4566 | D:5      | Reached XP level 8. HP: 29/49 MP: 10/10
  4997 | D:6      | Reached skill level 10 in Slings
  5019 | D:6      | Reached skill level 5 in Armour
  5115 | D:6      | Reached ** piety under Okawaru
  5198 | D:6      | Found a burning altar of Makhleb.
  5198 | D:6      | Noticed a blizzard demon
  5556 | D:7      | Got a flickering amber ring
  5558 | D:7      | Identified the ring of Divine Compulsion {rCorr rC+} (You found it on level 7 of the Dungeon)
  5855 | D:7      | Found a sacrificial altar of Ru.
  5953 | D:7      | Reached XP level 9. HP: 48/55 MP: 12/12
  5967 | D:7      | Found a staircase to the Ecumenical Temple.
  6218 | D:7      | Reached skill level 5 in Invocations
  6300 | D:7      | Found a hazy altar of Hepliaklqana.
  6647 | D:8      | Noticed a two-headed ogre
  6664 | D:8      | Killed a two-headed ogre
  6664 | D:8      | Reached *** piety under Okawaru
  6664 | D:8      | Received a gift from Okawaru
  6664 | D:8      | Reached skill level 5 in Fighting
  6671 | D:8      | Found an opulent altar of Gozag.
  6804 | D:8      | Received a gift from Okawaru
  6818 | D:8      | Reached XP level 10. HP: 49/67 MP: 14/14
  6968 | D:8      | Noticed a yaktaur captain
  7046 | D:8      | Received a gift from Okawaru
  7062 | D:8      | Reached **** piety under Okawaru
  7079 | D:8      | Noticed a tengu warrior
  7092 | D:8      | Found Nadichin's Food Shoppe.
  7171 | D:8      | Noticed a two-headed ogre
  7214 | D:8      | Killed a two-headed ogre
  7270 | D:8      | Found a flagged portal.
  7283 | Bailey   | Entered a bailey
  7554 | Bailey   | Found an iron altar of Okawaru.
  7554 | Bailey   | Noticed an orc sorcerer
  7554 | Bailey   | Noticed an orc high priest
  7556 | Bailey   | Noticed a rust devil
  7579 | Bailey   | Noticed a sun demon
  7877 | D:8      | Noticed an orb spider
  7890 | D:9      | Reached ***** piety under Okawaru
  8021 | D:9      | Found a staircase to the Lair.
  8176 | D:9      | Reached XP level 11. HP: 77/77 MP: 16/16
  8238 | D:9      | Noticed Erica
  8505 | D:9      | Noticed a catoblepas
  8506 | D:9      | Noticed a deep elf mage
  8530 | D:9      | Killed a catoblepas
  8542 | D:9      | Killed a deep elf mage
  8595 | D:9      | Noticed a two-headed ogre
  8724 | D:9      | Noticed a brown ugly thing
  8749 | D:9      | Noticed a two-headed ogre
  8814 | D:8      | an orb spider changed into something unseen
  8875 | D:9      | Killed Erica
  8875 | D:9      | Received a gift from Okawaru
  8896 | Lair:1   | Entered Level 1 of the Lair of Beasts
  9416 | Lair:1   | Noticed a six-headed hydra
  9431 | Lair:1   | Killed a six-headed hydra
  9984 | Lair:1   | Received a gift from Okawaru
  9985 | Lair:1   | Got a warped fustibalus {god gift}
  9986 | Lair:1   | Identified the +9 fustibalus "Lifebane" {venom, *Slow rElec rC+} (Okawaru gifted it to you on level 1 of the Lair of Beasts)
 10099 | Lair:2   | Noticed an elephant
 10103 | Lair:2   | Noticed an elephant
 10108 | Lair:2   | Killed an elephant
 10109 | Lair:2   | Noticed an elephant
 10115 | Lair:2   | Killed an elephant
 10115 | Lair:2   | Reached XP level 12. HP: 84/87 MP: 17/19
 10220 | Lair:2   | Noticed a four-headed hydra
 10230 | Lair:2   | Killed a four-headed hydra
 10266 | Lair:2   | Noticed Nergalle
 10274 | Lair:2   | Killed Nergalle
 10274 | Lair:2   | Reached skill level 5 in Dodging
 10346 | Lair:2   | Reached skill level 15 in Slings
 10360 | Lair:2   | Reached skill level 10 in Invocations
 10630 | D:4      | Bought the cursed +0 buckler of the Princeling {rPois rCorr MP+9 Dex+5} for 572 gold pieces
 10866 | Lair:2   | Found a staircase to the Shoals.
 10883 | Lair:2   | Received a gift from Okawaru
 10883 | Lair:2   | Reached skill level 1 in Shields
 10884 | Lair:2   | Got a crude hunting sling {god gift}
 10885 | Lair:2   | Identified the +8 hunting sling of the Ass {speed, rN+} (Okawaru gifted it to you on level 2 of the Lair of Beasts)
 10997 | Lair:2   | Found a hole to the Spider Nest.
 11014 | Lair:2   | Noticed a six-headed hydra
 11027 | Lair:2   | Killed a six-headed hydra
 12089 | Lair:3   | Noticed Harold
 12096 | Lair:3   | Killed Harold
 12096 | Lair:3   | Reached ****** piety under Okawaru
 12096 | Lair:3   | Received a gift from Okawaru
 12097 | Lair:3   | Got a scorched quick blade {god gift}
 12098 | Lair:3   | Identified the +6 quick blade of Excruciating Pain {pierce, rF+ MR- Str+4 Dex+4} (Okawaru gifted it to you on level 3 of the Lair of Beasts)
 12241 | Lair:3   | Reached skill level 1 in Short Blades
 12241 | Lair:3   | Reached XP level 13. HP: 73/92 MP: 20/20
 12819 | Lair:4   | Reached skill level 5 in Short Blades
 13383 | Lair:5   | Noticed Urug
 13392 | Lair:5   | Killed Urug
 13392 | Lair:5   | Received a gift from Okawaru
 13427 | Lair:5   | Noticed Rupert
 13427 | Lair:5   | Paralysed by Rupert for 7 turns
 13515 | Lair:5   | Noticed Snorg
 13524 | Lair:5   | Killed Snorg
 13689 | Lair:5   | Found a labyrinth entrance.
 13698 | Lab      | Entered a labyrinth
 15397 | Lab      | Noticed a minotaur
 15411 | Lab      | Killed a minotaur
 15411 | Lab      | Reached skill level 10 in Fighting
 15413 | Lab      | Got a coiled turquoise ring
 15414 | Lab      | Got a sapphire hunting sling
 15429 | Lab      | Found the +3 pair of gauntlets of War {Slay+5}
 15451 | Lab      | Identified the cursed ring "Facusy Juku" {rPois Str+8 Int-3 Dex-4 Stlth+} (You took it off a minotaur in a labyrinth)
 15458 | Lair:5   | Identified the +9 hunting sling "Cyreots" {freeze, rF+} (You took it off a minotaur in a labyrinth)
 15646 | Lair:5   | Killed Rupert
 15646 | Lair:5   | Received a gift from Okawaru
 15646 | Lair:5   | Reached skill level 1 in Evocations
 15693 | Lair:5   | Found a staircase to the Slime Pits.
 15942 | Lair:6   | Entered Level 6 of the Lair of Beasts
 16255 | Lair:6   | Reached XP level 14. HP: 99/99 MP: 21/21
 16304 | Lair:6   | Noticed Josephine
 16345 | Lair:6   | Received a gift from Okawaru
 16346 | Lair:6   | Got a blackened dagger {god gift}
 16347 | Lair:6   | Identified the +1 dagger "Halfling's Peril" {protect, *Contam rElec rPois rC+++} (Okawaru gifted it to you on level 6 of the Lair of Beasts)
 16352 | Lair:6   | Gained mutation: Your muscles are strong. (Str +2) [mutagenic glow]
 16423 | Lair:6   | Killed Josephine
 16834 | Lair:6   | Reached skill level 10 in Short Blades
 16966 | Lair:6   | Received a gift from Okawaru
 17249 | Lair:6   | Reached skill level 5 in Evocations
 17392 | Lair:6   | Received a gift from Okawaru
 17771 | D:9      | Found a staircase to the Orcish Mines.
 18125 | D:9      | Received a gift from Okawaru
 18440 | D:9      | Learned a level 1 spell: Animate Skeleton
 18442 | D:9      | Learned a level 1 spell: Apportation
 18446 | D:9      | Got a crude ring mail
 18457 | D:9      | Identified the +0 ring mail of Ynicued {rPois rN+ Stlth+} (You found it on level 9 of the Dungeon)
 18820 | D:10     | Entered Level 10 of the Dungeon
 19212 | D:10     | Found Xuqon Lips's Specialty Armours.
 19216 | D:10     | Received a gift from Okawaru
 19216 | D:10     | Reached skill level 1 in Spellcasting
 19216 | D:10     | Reached skill level 1 in Necromancy
 19626 | D:11     | Received a gift from Okawaru
 19666 | D:11     | Got a scintillating ruby amulet
 19668 | D:11     | Identified the amulet of Eratoe {RegenMP rF+ Dex+2 Slay+2} (You found it on level 11 of the Dungeon)
 19701 | D:11     | Found Cunwir's Armour Emporium.
 19720 | D:11     | Bought the +2 hat of the Bear Spirit {Spirit, +Rage rN+ MR++} for 430 gold pieces
 19720 | D:11     | Found the +2 hat of the Bear Spirit {Spirit, +Rage rN+ MR++}
 20146 | D:11     | Identified the Grimoire of Dislocated Moulding
 20336 | D:12     | Received a gift from Okawaru
 20463 | D:12     | Reached XP level 15. HP: 109/109 MP: 22/22
 20517 | D:12     | Noticed Fannar
 20521 | D:12     | Noticed Gastronok
 20531 | D:12     | Killed Gastronok
 20535 | D:12     | Killed Fannar
 20595 | D:12     | Learned a level 4 spell: Cause Fear
 21361 | D:13     | Received a gift from Okawaru
 21502 | D:13     | Found a runed door.
 21642 | D:13     | Got a crude turquoise ring
 21644 | D:13     | Identified the ring "Osotoonn" {+Fly rElec MR+++ Str-3 Dex-2} (You found it on level 13 of the Dungeon)
 22133 | D:14     | Received a gift from Okawaru
 22245 | D:14     | Found a gate to the Vaults.
 22246 | D:14     | Found the +3 Elemental Staff {rElec rF++ rC++ MR++ AC+5}
 22253 | D:14     | Reached skill level 5 in Necromancy
 22268 | D:14     | Received a gift from Okawaru
 22660 | D:14     | Reached XP level 16. HP: 117/117 MP: 23/23
 22916 | D:14     | Received a gift from Okawaru
 22943 | D:15     | Entered Level 15 of the Dungeon
 22977 | D:15     | Found Fudyaki's Book Shop.
 23003 | D:15     | Noticed Saeniel's ghost (journeyman GrFi)
 23012 | D:15     | Killed Saeniel's ghost
 23081 | D:15     | Received a gift from Okawaru
 23141 | D:15     | Found a staircase to the Depths.
 23234 | D:15     | Received a gift from Okawaru
 23251 | D:15     | Got a transparent dagger
 23259 | D:15     | Identified the +4 dagger "Estrifudgh" {vamp, Str+4} (You found it on level 15 of the Dungeon)
 23419 | D:15     | Reached skill level 10 in Evocations
 23469 | D:15     | Found Yzugops's Blood Bar.
 23839 | Orc:1    | Entered Level 1 of the Orcish Mines
 24233 | Orc:2    | Entered Level 2 of the Orcish Mines
 24267 | Orc:2    | Found a staircase to the Elven Halls.
 24501 | Orc:2    | Received a gift from Okawaru
 24596 | Orc:2    | Found a radiant altar of Vehumet.
 24707 | Orc:2    | Found Otweuk's Food Boutique.
 24707 | Orc:2    | Found Zyiga's Jewellery Emporium.
 24707 | Orc:2    | Found Xadeh's Book Shoppe.
 24741 | Orc:2    | Found Seushrin's Magic Scroll Shop.
 24753 | Orc:2    | Bought a scroll of teleportation for 36 gold pieces
 24753 | Orc:2    | Bought a scroll of teleportation for 36 gold pieces
 25255 | Shoals:1 | Entered Level 1 of the Shoals
 25274 | Shoals:1 | Found Zephoos's Food Shoppe.
 25284 | Shoals:1 | Noticed Kirke
 25288 | Shoals:1 | Noticed a sphinx
 25298 | Shoals:1 | Killed Kirke
 25642 | Shoals:1 | Reached XP level 17. HP: 120/122 MP: 25/25
 25840 | Shoals:1 | Noticed Roxanne
 25979 | Shoals:1 | Noticed Louise
 25996 | Shoals:1 | Killed Louise
 26307 | Shoals:2 | Noticed a kraken
 26318 | Shoals:2 | Killed a kraken
 27040 | Shoals:3 | Received a gift from Okawaru
 27041 | Shoals:3 | Got a twisted hunting sling {god gift}
 27042 | Shoals:3 | Identified the +4 hunting sling of Okawaru's Anger {freeze, SInv Stlth+} (Okawaru gifted it to you on level 3 of the Shoals)
 27116 | Shoals:3 | Noticed Polyphemus
 27330 | Shoals:2 | Noticed a kraken
 27707 | Shoals:2 | Killed a kraken
 27707 | Shoals:2 | Reached skill level 10 in Dodging
 27925 | Shoals:3 | Reached skill level 10 in Armour
 27936 | Shoals:3 | Noticed a kraken
 27958 | Shoals:3 | Killed a kraken
 28170 | Shoals:3 | Received a gift from Okawaru
 28171 | Shoals:3 | Found the +5 pair of quick blades "Gyre" and "Gimble" {pierce, Dex-3}
 28377 | Shoals:3 | Killed Polyphemus
 28468 | Shoals:3 | Reached skill level 1 in Translocations
 28720 | Shoals:4 | Entered Level 4 of the Shoals
 28951 | Shoals:4 | Reached XP level 18. HP: 127/128 MP: 26/26
 29148 | Shoals:4 | Received a gift from Okawaru
 29154 | Shoals:4 | Reached skill level 5 in Translocations
 29251 | Shoals:4 | Noticed Ilsuiw
 29266 | Shoals:4 | Killed Ilsuiw
 29444 | Shoals:4 | Received a gift from Okawaru
 29554 | Shoals:4 | Received a gift from Okawaru
 29626 | Shoals:4 | Got a barnacled rune of Zot
 29773 | Shoals:4 | Received a gift from Okawaru
 29780 | Shoals:4 | Got a brightly glowing short sword {god gift}
 29781 | Shoals:4 | Identified the +6 short sword of Guurgheun {freeze, MR+ Dex+7} (Okawaru gifted it to you on level 4 of the Shoals)
 29957 | Spider:1 | Entered Level 1 of the Spider Nest
 30089 | Spider:1 | Noticed Nikola
 31011 | Lair:2   | Killed Nikola
 31216 | Lair:2   | Received a gift from Okawaru
 31782 | Spider:2 | Reached skill level 5 in Spellcasting
 32132 | Spider:2 | Reached XP level 19. HP: 129/135 MP: 27/27
 32307 | Spider:2 | Received a gift from Okawaru
 32785 | Spider:3 | Received a gift from Okawaru
 32792 | Spider:3 | Got a smoking hunting sling {god gift}
 33640 | Spider:4 | Entered Level 4 of the Spider Nest
 33882 | Spider:4 | Identified a scroll of acquirement
 33885 | Spider:4 | Got a pitted steel ring
 33887 | Spider:4 | Identified the ring "Tach" {Fire Slay+2} (You acquired it on level 4 of the Spider Nest)
 34293 | Spider:4 | Noticed Arachne
 34320 | Spider:4 | Killed Arachne
 34320 | Spider:4 | Received a gift from Okawaru
 35167 | Spider:4 | Reached skill level 15 in Fighting
 35348 | Spider:4 | Received a gift from Okawaru
 35526 | Spider:4 | Got a gossamer rune of Zot
 35978 | Vaults:1 | Entered Level 1 of the Vaults
 36193 | Vaults:1 | Reached XP level 20. HP: 129/145 MP: 32/32
 36307 | Vaults:1 | Received a gift from Okawaru
 36562 | Depths:1 | Entered Level 1 of the Depths
 36593 | Depths:1 | Got an ebony hunting sling
 36594 | Depths:1 | Identified the +10 hunting sling of the Gloaming {venom, Int+2} (You found it on level 1 of the Depths)
 36625 | Depths:1 | Found a snail-covered altar of Cheibriados.
 36636 | Depths:1 | Got a warped leather armour
 36647 | Depths:1 | Identified the +1 leather armour of Ilireroo {Str+2} (You found it on level 1 of the Depths)
 36949 | Depths:1 | Received a gift from Okawaru
 37122 | Depths:1 | Found a gateway to Hell.
 37331 | Depths:1 | Found a bloodstained altar of Trog.
 37410 | Depths:1 | Found a one-way gate leading to the halls of Pandemonium.
 37747 | Depths:1 | Reached skill level 10 in Spellcasting
 37976 | Elf:1    | Entered Level 1 of the Elven Halls
 38764 | Elf:1    | Reached XP level 21. HP: 137/154 MP: 31/35
 39037 | Elf:1    | Received a gift from Okawaru
 39091 | Elf:1    | Identified the Collected Works on Unholy Arts
 39442 | Elf:2    | Found Reik's Jewellery Emporium.
 39501 | Elf:2    | Received a gift from Okawaru
 39513 | Elf:2    | Found a huge runed gate.
 39513 | Elf:2    | Found a huge runed gate.
 39513 | Elf:2    | Found a huge runed gate.
 39513 | Elf:2    | Found a huge runed gate.
 39515 | Elf:2    | Found a huge runed gate.
 39629 | Elf:2    | Received a gift from Okawaru
 39647 | Elf:2    | Identified a +0 pair of boots of running (Okawaru gifted it to you on level 2 of the Elven Halls)
 39984 | Elf:3    | Entered Level 3 of the Elven Halls
 40025 | Elf:3    | Found Ynuihin's Jewellery Shop.
 40335 | Elf:3    | Reached skill level 5 in Stealth
 40471 | Elf:3    | Learned a level 5 spell: Agony
 40914 | Elf:3    | Noticed Mara
 40918 | Elf:3    | Noticed vatarom's illusion
 41006 | Elf:3    | Noticed vatarom's illusion
 41327 | Elf:3    | Received a gift from Okawaru
 41368 | Elf:3    | Reached skill level 10 in Stealth
 41573 | Elf:3    | Noticed vatarom's illusion
 41601 | Elf:3    | Noticed vatarom's illusion
 42220 | Vaults:1 | Reached XP level 22. HP: 154/162 MP: 36/36
 42622 | Vaults:1 | Found Vudeizex's Assorted Antiques.
 42706 | Vaults:2 | Received a gift from Okawaru
 43685 | Vaults:2 | Found Ripn's Armour Boutique.
 44139 | Vaults:3 | Noticed Jorgrun
 44179 | Vaults:3 | Killed Jorgrun
 44293 | Vaults:3 | Received a gift from Okawaru
 44618 | Vaults:3 | Received a gift from Okawaru
 45007 | Vaults:3 | Received a gift from Okawaru
 45008 | Vaults:3 | Got a heavily runed plate armour {god gift}
 45021 | Vaults:3 | Identified the +10 plate armour "Qeupnaen" {-Cast rPois Int+7 SInv} (Okawaru gifted it to you on level 3 of the Vaults)
 45123 | Vaults:3 | Found a glowing silver altar of Zin.
 45235 | Vaults:3 | Found a staircase to the Crypt.
 45235 | Vaults:3 | Found an ancient bone altar of Kikubaaqudgha.
 45236 | Vaults:3 | Found a basalt altar of Yredelemnul.
 45397 | Vaults:3 | Noticed Bai Suzhen
 45431 | Vaults:3 | Killed Bai Suzhen
 45659 | Vaults:4 | Reached skill level 15 in Stealth
 45663 | Vaults:4 | Reached XP level 23. HP: 171/171 MP: 37/37
 46785 | Vaults:4 | Received a gift from Okawaru
 47317 | Vaults:5 | Entered Level 5 of the Vaults
 47407 | Crypt:1  | Entered Level 1 of the Crypt
 48123 | Crypt:1  | Found a basalt altar of Yredelemnul.
 48217 | Crypt:1  | Received a gift from Okawaru
 48386 | Crypt:1  | Learned a level 3 spell: Portal Projectile
 49054 | Crypt:2  | Reached XP level 24. HP: 62/178 MP: 14/37
 49701 | Crypt:2  | Reached skill level 1 in Hexes
 49752 | Crypt:3  | Entered Level 3 of the Crypt
 49815 | Crypt:3  | Reached skill level 2 in Hexes
 49826 | Crypt:3  | Received a gift from Okawaru
 49948 | Crypt:3  | Reached skill level 3 in Hexes
 50059 | Crypt:3  | Reached skill level 4 in Hexes
 50108 | Crypt:3  | Found a staircase to the Tomb.
 50226 | Crypt:3  | Reached skill level 5 in Hexes
 50334 | Crypt:3  | Identified the Disquisition on Evil
 50340 | Crypt:3  | Learned a level 4 spell: Passage of Golubria
 50777 | Crypt:3  | Reached skill level 6 in Hexes
 50843 | Crypt:3  | Received a gift from Okawaru
 50890 | Crypt:3  | Found an ancient bone altar of Kikubaaqudgha.
 50932 | Crypt:3  | Identified the Guide on Freezing Moulding
 50978 | Crypt:3  | Reached skill level 7 in Hexes
 51719 | Depths:2 | Noticed a caustic shrike
 51731 | Depths:2 | Reached skill level 8 in Hexes
 52194 | Depths:2 | Received a gift from Okawaru
 52194 | Depths:2 | Reached skill level 9 in Hexes
 52298 | Depths:2 | Got a warped ivory ring
 52299 | Depths:2 | Got a twisted buckler
 52300 | Depths:2 | Identified the +1 buckler of Distant Shores {rN++ rCorr MP+9 Str-5} (You took it off a boggart on level 2 of the Depths)
 52301 | Depths:2 | Identified the ring "Nuorhihew" {+Fly Slay+3} (You took it off a boggart on level 2 of the Depths)
 52343 | Depths:2 | Noticed a golden dragon
 52358 | Depths:2 | Killed a golden dragon
 52428 | Depths:2 | Noticed an ancient lich
 53011 | Depths:2 | Killed an ancient lich
 53011 | Depths:2 | Received a gift from Okawaru
 53011 | Depths:2 | Reached skill level 10 in Hexes
 53011 | Depths:2 | Reached XP level 25. HP: 181/183 MP: 36/37
 53012 | Depths:2 | Got a distressingly furry cloak {god gift}
 53013 | Depths:2 | Identified the +0 cloak "Topugg" {Int+4 Dex+4} (Okawaru gifted it to you on level 2 of the Depths)
 53386 | Depths:2 | Killed a caustic shrike
 53386 | Depths:2 | Reached skill level 11 in Hexes
 53807 | Depths:2 | Noticed an ancient lich
 53846 | Depths:2 | Killed an ancient lich
 54066 | Depths:2 | Identified the Reference Book on Igneous Unholy Arts
 54258 | Depths:3 | Reached skill level 12 in Hexes
 54859 | Depths:3 | Received a gift from Okawaru
 54896 | Depths:3 | Received a gift from Okawaru
 54948 | Depths:3 | Reached skill level 13 in Hexes
 55080 | Depths:3 | Noticed a caustic shrike
 55107 | Depths:3 | Killed a caustic shrike
 55107 | Depths:3 | Received a gift from Okawaru
 55199 | Depths:3 | Noticed a juggernaut
 55202 | Depths:3 | Killed a juggernaut
 55209 | Depths:3 | Noticed a juggernaut
 55212 | Depths:3 | Killed a juggernaut
 55434 | Depths:3 | Reached skill level 14 in Hexes
 55520 | Depths:4 | Noticed Sojobo
 55521 | Depths:4 | Found a gateway to a ziggurat.
 55697 | Depths:4 | Killed Sojobo
 55697 | Depths:4 | Reached XP level 26. HP: 181/189 MP: 28/37
 56037 | Depths:4 | Received a gift from Okawaru
 56100 | Depths:4 | Received a gift from Okawaru
 56206 | Depths:4 | Noticed Boris
 56311 | Depths:4 | Got a shimmering ring mail
 56312 | Depths:4 | Identified the +4 ring mail "Jiqaloung" {rF+ Int+3 Stlth+} (You found it on level 4 of the Depths)
 56539 | Depths:4 | Reached skill level 15 in Hexes
 56667 | Depths:5 | Entered Level 5 of the Depths
 56985 | Depths:5 | Learned a level 6 spell: Invisibility
 56992 | Depths:5 | Learned a level 6 spell: Darkness
 57349 | D:12     | Learned a level 5 spell: Yara's Violent Unravelling
 57763 | Depths:4 | Reached skill level 16 in Hexes
 58152 | Depths:4 | Found a corrupted altar of Lugonu.
 58154 | Depths:4 | Found a one-way gate to the infinite horrors of the Abyss.
 58440 | Depths:5 | Received a gift from Okawaru
 58507 | Depths:5 | Found a gate to the Realm of Zot.
 58947 | Depths:5 | Noticed a juggernaut
 58975 | Depths:5 | Killed a juggernaut
 59140 | Depths:5 | Noticed a juggernaut
 59154 | Depths:5 | Killed a juggernaut
 59154 | Depths:5 | Reached XP level 27. HP: 196/196 MP: 37/37
 59454 | Depths:4 | Voluntarily entered the Abyss.
 59682 | Abyss:1  | Found a corrupted altar of Lugonu.
 59946 | Abyss:1  | Gained mutation: Your body sometimes deteriorates upon taking damage. [mutagenic glow]
 60005 | Depths:4 | Escaped the Abyss
 60018 | Depths:4 | Gained mutation: You tend to lose your temper in combat. [mutagenic glow]
 60075 | Depths:4 | Gained mutation: Your body often deteriorates upon taking damage. [mutagenic glow]
 60123 | Depths:3 | Gained mutation: Scrolls take you a little longer to read. [mutagenic glow]
 60244 | Vaults:1 | Gained mutation: You are partially covered in molten scales. (AC +2) [mutagenic glow]
 60280 | Vaults:1 | Lost mutation: Scrolls take you a little longer to read. [potion of mutation]
 60280 | Vaults:1 | Lost mutation: Your muscles are strong. (Str +2) [potion of mutation]
 60280 | Vaults:1 | Gained mutation: Your flesh is cold resistant. (rC+) [potion of mutation]
 60409 | D:12     | Lost mutation: You tend to lose your temper in combat. [potion of mutation]
 60409 | D:12     | Lost mutation: Your flesh is cold resistant. (rC+) [potion of mutation]
 60409 | D:12     | Gained mutation: You are agile. (Dex +2) [potion of mutation]
 60409 | D:12     | Gained mutation: You are resistant to hostile enchantments. (MR+) [potion of mutation]
 60410 | D:12     | Lost mutation: You are resistant to hostile enchantments. (MR+) [potion of mutation]
 60410 | D:12     | Lost mutation: Your body often deteriorates upon taking damage. [potion of mutation]
 60410 | D:12     | Lost mutation: Your body sometimes deteriorates upon taking damage. [potion of mutation]
 60410 | D:12     | Lost mutation: You are agile. (Dex +2) [potion of mutation]
 60615 | Vaults:4 | Got a fine triple crossbow {god gift}
 60616 | Vaults:4 | Identified the +1 triple crossbow "Jesayps" {elec, Dex+4} (Okawaru gifted it to you on level 4 of the Vaults)
 60903 | Depths:4 | Voluntarily entered the Abyss.
 60904 | Abyss:1  | Found a corrupted altar of Lugonu.
 60941 | Abyss:1  | Found a corrupted altar of Lugonu.
 60983 | Abyss:1  | Reached skill level 17 in Hexes
 60999 | Abyss:1  | Noticed an ancient lich
 61009 | Abyss:1  | Gained mutation: Scrolls take you a little longer to read. [you]
 61014 | Abyss:1  | Killed an ancient lich
 61014 | Abyss:1  | Received a gift from Okawaru
 61030 | Abyss:1  | Got a faintly glowing dagger {god gift}
 61040 | Abyss:1  | Found a corrupted altar of Lugonu.
 61921 | Abyss:2  | Reached skill level 18 in Hexes
 61952 | Abyss:2  | Received a gift from Okawaru
 62078 | Abyss:2  | Received a gift from Okawaru
 62321 | Abyss:2  | Reached skill level 5 in Crossbows
 62468 | Abyss:2  | Found a corrupted altar of Lugonu.
 62679 | Abyss:2  | Received a gift from Okawaru
 63016 | Abyss:2  | Received a gift from Okawaru
 63879 | Abyss:3  | Received a gift from Okawaru
 64185 | Abyss:3  | Reached skill level 19 in Hexes
 64340 | Abyss:3  | Received a gift from Okawaru
 65348 | Abyss:3  | Received a gift from Okawaru
 65551 | Abyss:3  | Received a gift from Okawaru
 65943 | Abyss:3  | Received a gift from Okawaru
 65988 | Abyss:3  | Found a corrupted altar of Lugonu.
 66185 | Abyss:3  | Reached skill level 10 in Crossbows
 66488 | Abyss:3  | Noticed an ancient lich
 66516 | Abyss:3  | Killed an ancient lich
 66516 | Abyss:3  | Reached skill level 20 in Hexes
 67768 | Abyss:3  | Found a shimmering altar of Xom.
 67777 | Abyss:3  | Found a shimmering altar of Xom.
 67820 | Abyss:3  | Found a shimmering altar of Xom.
 68093 | Abyss:3  | Got an abyssal rune of Zot
 68416 | Abyss:3  | Gained mutation: Scrolls take you longer to read. [you]
 68461 | Abyss:3  | Received a gift from Okawaru
 68605 | Depths:4 | Escaped the Abyss
 68800 | D:12     | Learned a level 8 spell: Discord
 69308 | Vaults:4 | Received a gift from Okawaru
 69721 | Vaults:4 | Received a gift from Okawaru
 70714 | Vaults:5 | Killed from afar by a titan

Skill      XL: |  1  2  3  4  5  6  7  8  9 10 11 12 13 14 15 16 17 18 19 20 21 22 23 24 25 26 27 |
---------------+----------------------------------------------------------------------------------+-----
Slings         | 6 7 8 9 11 12 13 14 16 17 | 17.6
Stealth        | 2 3 10 15 16 | 16.7
Armour         | 1 3 4 6 7 11 | 11.3
Invocations    | 1 2 3 4 6 7 9 10 | 10.0
Fighting       | 2 5 8 9 10 12 13 15 16 17 18 | 18.2
Dodging        | 3 6 7 11 12 13 | 13.4
Shields        | 4 |  4.1
Short Blades   | 1 9 11 14 | 14.6
Evocations     | 2 5 7 11 | 11.5
Spellcasting   | 1 4 5 8 10 12 | 12.2
Necromancy     | 2 5 7 |  7.7
Translocations | 3 8 |  8.0
Hexes          | 10 14 16 20 | 20.3
Crossbows      | 13 | 13.9

Action                   |  1- 3 |  4- 6 |  7- 9 | 10-12 | 13-15 | 16-18 | 19-21 | 22-24 | 25-27 || total
-------------------------+-------+-------+-------+-------+-------+-------+-------+-------+-------++-------
Melee: Hunting sling     |       |       |       |     2 |       |       |       |       |       ||     2
       Quick blade       |       |       |       |       |    42 |   123 |    51 |       |       ||   216
       Pair of quick bla |       |       |       |       |       |    10 |   677 |  1449 |  3280 ||  5416
       Fustibalus        |       |       |       |       |       |     1 |     4 |       |       ||     5
 Fire: Hunting sling     |    76 |   238 |   456 |   573 |       |       |       |       |       ||  1343
       Fustibalus        |       |       |       |   115 |   958 |  1287 |  1025 |   669 |   632 ||  4686
       Triple crossbow   |       |       |       |       |       |       |       |       |     3 ||     3
Throw: Throwing net      |       |       |     1 |       |       |       |       |       |       ||     1
 Cast: Animate Skeleton  |       |       |       |       |     2 |       |       |       |       ||     2
       Agony             |       |       |       |       |       |       |     1 |       |       ||     1
       Passage of Golubr |       |       |       |       |       |       |       |     3 |     2 ||     5
       Invisibility      |       |       |       |       |       |       |       |       |    10 ||    10
       Darkness          |       |       |       |       |       |       |       |       |     6 ||     6
       Yara's Violent Un |       |       |       |       |       |       |       |       |     3 ||     3
       Discord           |       |       |       |       |       |       |       |       |    15 ||    15
       Cause Fear        |       |       |       |       |       |       |       |       |     2 ||     2
       Apportation       |       |       |       |       |       |       |       |       |     1 ||     1
       Portal Projectile |       |       |       |       |       |       |       |       |     1 ||     1
Invok: Heroism           |       |       |     2 |     7 |     5 |     4 |     4 |     4 |     7 ||    33
       Finesse           |       |       |       |     3 |     3 |     4 |     4 |     2 |     5 ||    21
Evoke: Wand              |       |       |     3 |    25 |     3 |     4 |    13 |     7 |    10 ||    65
       Box of beasts     |       |       |       |       |       |     2 |       |       |       ||     2
       Lightning rod     |       |       |       |       |       |     1 |     5 |     8 |     1 ||    15
  Use: Scroll            |       |     8 |     6 |    16 |    12 |     7 |    23 |    15 |     5 ||    92
       Potion            |       |       |       |     2 |     3 |     2 |    13 |     7 |    26 ||    53
 Stab: Sleeping          |       |       |       |       |       |     1 |     3 |    54 |    31 ||    89
       Distracted        |       |       |       |       |       |       |       |     3 |    17 ||    20
       Invisible         |       |       |       |       |       |       |       |       |    25 ||    25
       Paralysed         |       |       |       |       |       |       |       |       |     1 ||     1
  Eat: Ration            |       |     2 |     2 |     5 |     8 |     8 |     8 |    11 |    23 ||    67
       Chunk             |       |     2 |     3 |     1 |     6 |     2 |     1 |     1 |     6 ||    22
Armor: Leather armour    |     3 |     1 |       |       |       |       |       |       |       ||     4
       Chain mail        |       |    43 |    66 |    90 |     5 |       |       |       |       ||   204
       Troll leather arm |       |       |       |       |    53 |   202 |   196 |   214 |   428 ||  1093
Dodge: Dodged            |    15 |    29 |    67 |   106 |   138 |   783 |   588 |   957 |  2023 ||  4706
Block: Other             |       |       |     6 |    12 |       |       |    16 |    46 |   102 ||   182
       Reflection        |       |       |     1 |     1 |    25 |    31 |     9 |     5 |     1 ||    73
       Buckler           |       |       |       |     1 |    86 |   315 |   108 |       |       ||   510
